Arrhythmia, chaotic female vampiric Convict ------- ##+.....| ---------------------------------# # |.<...| |...............................|# ####......| |.----...)-----.-----|-..-----..|# # #------- |.| |---_|...|.-..|..|..|(((|...# ### # |.| |..|@|._.|.|..|..|..|(((|..|### # # |.--+|..|@|.(.-.--------.|...|..|# # ### # |....|..|.|...|....+ |.-|---..|# ### % # |.{..-|--.----|....| |........-####### # ) |..........-..|+--.-----..-----.|# ### # |....--|-..| | |........-.%%|.|# # # |.--)|..|.----- -|---....|.!%|.|# # # |.|..|..|.|../|--|. |---.-----.|##########)#### |.|..|---.-.)%|..|.. |..|.......| #-----.-# |.|..|....|.!%|..|.. |.[-.......| 0|.%...|# |.----....-----|---------.......| #-...>.|# |................)..............| |......# --------------------------------- ------- Arrhythmia the Jail-bird Experience level: 9 Strength: 15 Dexterity: 11 Constitution: 17 Intelligence: 13 Wisdom: 10 Charisma: 10 Health: 0(70) Energy: 53(53) AC: 0 Gold: 1123 Moves: 5522 Your Inventory: Coins $ - 1123 gold pieces Armor b - a cursed +0 striped shirt (being worn) e - a [cursed +0] etched helmet [helmet] f - a [cursed -1] dwarvish mithril-coat i - a blessed +1 shield of reflection and drain resistance j - an [uncursed] +0 pair of speed boots (being worn) u - an [uncursed] +0 hard hat [dwarvish iron helm] (being worn) M - a [blessed] +1 dwarvish mithril-coat (being worn) Scrolls d - an uncursed scroll of confuse monster h - an uncursed scroll of light k - an [uncursed] scroll of enchant weapon s - a cursed scroll of enchant weapon E - an uncursed scroll of fire Q - a cursed scroll of charging U - a cursed scroll of remove curse V - a cursed scroll of teleportation Z - an [uncursed] scroll labeled ELBIB YLOH [of create monster] Rings r - an uncursed ring of slow digestion R - a cursed +2 ring of increase damage (on right hand) T - a cursed ring of teleportation Wands D - a cursed wand of undead turning (0:4) J - an [uncursed] wand of cold [0:5] S - a cursed wand of striking (0:5) Tools x - an [uncursed] lock pick z - an [uncursed] skeleton key A - an [uncursed] looking glass [mirror] B - an [uncursed] towel F - a [blessed magic] lamp called Magic L - an [uncursed] stethoscope X - an [uncursed] expensive camera [0:84] Gems p - an uncursed luckstone Iron balls c - an [uncursed] heavy iron ball (chained to you) (weapon in hand) Spells known in the end: Name Level Category Fail Memory Your skills at the end: Fighting Skills Weapon Skills flail [Basic / Expert] sling [Basic / Skilled] Spellcasting Skills Final Attributes: You were stridently aligned. Hunger level was 236. Your alignment was 8 / 37. Monster difficulty range was 1 - 8. Level difficulty was 7. You were immune to poison. You were immune to level-drain. You were immune to sickness. You were punished. You could fly. You could survive without air. You had a +2 damage bonus. You regenerated. You were very fast. You were lucky (3). You had extra luck. Bad luck did not time out for you. Good luck did not time out for you. You are dead. Vanquished creatures: a disenchanter 2 large mimics 2 wargs a small mimic an ogre lord 2 shocking spheres 2 dwarf kings a tengu a stone giant a watchman a leprechaun an iron piercer 2 giant spiders a vampire bat an owlbear a housecat 2 dwarf lords a dust vortex a raven 2 apes a bugbear a rock piercer an enormous rat 2 rock moles a pony a fog cloud a yellow light 3 shriekers 8 gnome lords 4 gnomish wizards an elf zombie a straw golem a wax golem a baby crocodile 2 giant ants a little dog 2 floating eyes a kitten 13 dwarves a rothe a rabid rat a centipede an iguana 2 acid blobs 3 hobbits 3 manes 2 large kobolds a hobgoblin a cave spider a brown mold a yellow mold a red mold 49 gnomes 2 garter snakes 2 gnome zombies 2 geckos 5 jackals a fox 2 goblins 2 grid bugs a bat 2 lichens 3 kobold zombies 5 newts 168 creatures vanquished. Voluntary challenges: You went without food. You used a wielded weapon 1 time. You read items or engraved 5 times. You put on armor 12 times. You never genocided any monsters. You never polymorphed an object. You never changed form. You used no wishes. You abstained from Elbereth's help. You encountered 1 bones level. You never used any Sokoban shortcuts. Dungeon overview: The Dungeons of Doom: levels 1 to 8 Level 1 some fountains a long staircase Level 2 an armor shop, an altar Level 3 a fountain stairs to The Gnomish Mines Level 5 many fountains Level 6 a general store, some fountains, a sink stairs to Sokoban Level 7 a fountain a long staircase The Gnomish Mines: levels 4 to 10 Level 4 stairs to The Dungeons of Doom Level 7 <- You were here some shops, a temple, a magic chest, a fountain Level 10 (Dangerous bones level) Sokoban: Level 5 a magic chest stairs to The Dungeons of Doom History has recorded: On T:1 you entered the Dungeons of Doom to retrieve the Amulet of Yendor! On T:405 you reached level 2 of The Dungeons of Doom. On T:707 you advanced to experience level 2. On T:721 you advanced to experience level 3. On T:830 you reached level 3 of The Dungeons of Doom. On T:857 you reached level 1 of The Gnomish Mines. On T:872 you advanced to experience level 4. On T:981 you reached level 4 of The Dungeons of Doom. On T:1200 you advanced to experience level 5. On T:1769 you reached level 5 of The Dungeons of Doom. On T:1786 you advanced to experience level 6. On T:2030 you reached level 6 of The Dungeons of Doom. On T:2180 you advanced to experience level 7. On T:2241 you reached level 3 of Sokoban. On T:2274 you reached level 7 of The Dungeons of Doom. On T:2435 you reached level 8 of The Dungeons of Doom. On T:2911 you reached level 2 of The Gnomish Mines. On T:3309 you reached level 3 of The Gnomish Mines. On T:3321 you advanced to experience level 8. On T:3583 you reached level 4 of The Gnomish Mines. On T:3600 you reached level 5 of The Gnomish Mines. On T:4363 you advanced to experience level 9. On T:4675 you reached level 6 of The Gnomish Mines. On T:4910 you reached level 7 of The Gnomish Mines. Latest messages: You have a little trouble lifting k - a scroll of enchant weapon. You see here an arrow. [HP+1=70] You miss the watch captain. (2x) The watch captain swings her long sword. The watch captain hits! The watch captain swings her long sword. The watch captain hits! [HP-30=40] You hit the watch captain! You bite the watch captain. The watch captain swings her long sword. The watch captain hits! The watch captain swings her long sword. The watch captain hits! [HP-22=18] You hit the watch captain! You bite the watch captain. The watch captain swings her long sword. The watch captain hits! The watch captain swings her long sword. The watch captain hits! You die... Final status: Goodbye Arrhythmia the Convict... You died in The Gnomish Mines on dungeon level 7 with 8627 points, and 1123 pieces of gold, after 5522 moves. You were level 9 with a maximum of 70 hit points when you died.